 Dungeon Crawl Stone Soup version 0.31.0-12-g77e489cdc1 (webtiles) character file.

Game seed: 17551456375547542665

63 Gadfly the Trooper (level 3, -2/29 HPs)
             Began as a Demonspawn Monk on Feb 25, 2024.
             Slain by a scorpion (4 damage)
             ... on level 4 of the Dungeon.
             The game lasted 00:01:21 (1251 turns).

Gadfly the Trooper (Demonspawn Monk)                Turns: 1251, Time: 00:01:22

Health: -2/29      AC:  2    Str: 11 (13) XL:     3   Next: 87%
Magic:  3/3        EV: 12    Int:  7 (10) God:
Gold:   124        SH:  0    Dex: 13 (15) Spells: 2/2 levels left

rFire   . .          .
                       - Unarmed
rCold   . . .        c - orb {light}
rNeg    . . .        a - +0 robe
rPois   .            (no helmet)
rElec   .            (no cloak)
rCorr   .            (no gloves)
SInv    .            (no boots)
Will    +....        (no amulet)
Stlth   +            (no ring)
HPRegen 0.24/turn    (no ring)
MPRegen 0.08/turn

%: no passive effects
@: lethally poisoned (-2 -> -12), attractive, enlightened, flying, glowing
A: powered by death 1
a: no special abilities


You were on level 4 of the Dungeon.
You visited 1 branch of the dungeon, and saw 3 of its levels.

You collected 124 gold pieces.

Inventory:

Armour
 a - a +0 robe (worn)
 c - an orb of light (worn)
Scrolls
 g - a scroll of identify {unknown}
 h - a scroll of brand weapon {unknown}


   Skills:
 - Level 3.0 Fighting
 + Level 3.0 Dodging
 + Level 3.0 Unarmed Combat
 * Level 1.9 Evocations
 * Level 1.6 Shapeshifting


You had 2 spell levels left.
You didn't know any spells.
Your spell library contained the following spells:

 Spells                   Type           Power      Damage    Failure   Level
 Magic Dart               Conj           0%         1d3       43%         1
 Searing Ray              Conj           0%         2d4       56%         2
 Fulminant Prism          Conj/Alch      0%         3d5       99%         4


Dungeon Overview and Level Annotations

Branches:
Dungeon (2/15)

Altars:

Shops:
D:1 ?


Innate Abilities, Weirdness & Mutations

You regenerate a little health from kills.


Message History

The scorpion is moderately wounded.
The scorpion misses you. The scorpion stings you.
* * * LOW HITPOINT WARNING * * *
You barely miss the scorpion.
The scorpion is moderately wounded.
The scorpion stings you but does no damage.
You hit the scorpion but do no damage.
The scorpion is moderately wounded.
The scorpion barely misses you.
Okay, then.
You barely miss the scorpion.
The scorpion is moderately wounded.
The scorpion stings you.
* * * LOW HITPOINT WARNING * * *
Okay, then.
It was a potion of attraction.
You feel attractive to monsters. The scorpion closely misses you.
It was a potion of degeneration.
There was something very wrong with that liquid.
You feel weakened.
You feel dopey.
You feel clumsy. The scorpion barely misses you.
It was a potion of enlightenment.
You feel very buoyant.
You fly up into the air.
The scorpion barely misses you.
You completely miss the scorpion.
The scorpion is moderately wounded.
The scorpion barely misses you. The scorpion completely misses you.
You barely miss the scorpion.
The scorpion is moderately wounded.
The scorpion stings you.
* * * LOW HITPOINT WARNING * * *
You are lethally poisoned!
The scorpion poisons you!
You hit the scorpion but do no damage.
The scorpion is moderately wounded.
* * * LOW HITPOINT WARNING * * *
You feel very sick. The scorpion stings you.
You die...

# #.###.#.##.###.#
### #.......##.###.#
.................#.#
###########.#..#.#.#
# #...##...##
#...###...###
#.#...>.....# .
#..######.##.......
...#....@s....[.####
.....#####........ .
...#...##..
##....... . ..#####
..# ... ##.


You could see a scorpion.

Vanquished Creatures
  A hound (D:4)
  6 ball pythons
  3 endoplasms (D:1)
  5 goblins
  2 hobgoblins
  2 jackals (D:1)
  2 quokkas (D:2)
  4 bats
  A frilled lizard (D:1)
  5 kobolds
  2 rats (D:1)
33 creatures vanquished.

Notes
Turn   | Place    | Note
-------+----------+-------------------------------------------
     0 | D:1      | Gadfly the Demonspawn Monk began the quest for the Orb.
     0 | D:1      | Reached XP level 1. HP: 18/18 MP: 1/1
   112 | D:1      | Found Evvass's Magic Scroll Emporium.
   191 | D:1      | Gained mutation: You regenerate a little health from kills.
                  | [demonic ancestry]
   191 | D:1      | Reached XP level 2. HP: 20/24 MP: 2/2
   242 | D:1      | Reached skill level 1 in Evocations
   368 | D:1      | Reached skill level 1 in Shapeshifting
   868 | D:2      | Reached XP level 3. HP: 9/29 MP: 3/3
  1140 | D:2      | You fall into a shaft and drop 2 floors!
  1203 | D:4      | Noticed a scorpion
  1251 | D:4      | Slain by a scorpion

Illustrated notes

Levels and vault maps discovered:
D:1:      roadster_arrival_rocket_small, layout_rooms, serial_shops, shop,
          feat_on_display
D:2:      layout_loops_ring, minivault_11, kennysheep_generic_room_6
D:4:      layout_rooms, nicolae_overflow_crystal_walls,
          hangedman_decor_clover_reticule, uniq_sigmund, uniq_eustachio

Skill      XL: |  1  2  3 |
---------------+----------+-----
Evocations     | 1 |  1.9
Shapeshifting  | 1 |  1.6
Dodging        | 3 |  3.0
Unarmed Combat | 3 |  3.0
Fighting       | |  3.0

Action                     || total
---------------------------++-------
  Melee: Unarmed           ||   125
    Use: Scroll            ||     1
         Potion            ||     4
 Armour: Robe              ||    72
  Dodge: Dodged            ||    97
